AoeStats
← Tonny

Oasis

509450557Analyzed
4v4 RM · 6d ago on Sep 26, 2026· 78m 37s· 8 players
Game mode
Random Map
Map size
Large (8 player)
Population
200
Speed
Normal
Resources
Standard
Victory
Conquest
Starting age
Dark Age
Ending age
Imperial Age
RankedLock teamsTeams togetherTeam positionsShared explorationLock speedFull tech treeHidden civsTurbo modeCheats
Victory
Defeat
🇷🇺 Celts · Russia
763
+15
🇷🇺 Britons · Russia
737
+16
🇷🇺 Goths · Russia
727
+16
🇷🇺 Turks · Russia
705
+17
🇺🇸 Bohemians · United States
781
-19
🇮🇹 Khmer · Italy
742
-16
🇧🇷 Franks · Brazil
716
-15
🇧🇷 Teutons · Brazil
696
-14
King Dante6655
2:29 Loom
14:53 Feudal Age
18:09 Wheelbarrow
20:40 Man-at-Arms
21:21 Horse Collar
22:44 Double-Bit Axe
29:20 Forging
29:09 Fletching
34:05 Castle Age
41:23 Caravan
43:01 Hand Cart
50:25 Heavy Plow
56:33 Bow Saw
59:55 Imperial Age
62:13 Town Watch
67:03 Two-Man Saw
68:16 Elite Hussite Wagon
70:40 Wagenburg Tactics
Castelaro
0:42 Loom
12:33 Feudal Age
13:54 Wheelbarrow
13:05 Town Watch
13:25 Gold Mining
13:35 Double-Bit Axe
17:43 Stone Mining
19:33 Arson
20:21 Scale Barding Armor
22:34 Forging
26:32 Castle Age
27:42 Caravan
29:35 Gold Shaft Mining
30:39 Bow Saw
31:00 Chain Barding Armor
31:16 Iron Casting
31:27 Town Patrol
32:47 Hand Cart
33:26 Husbandry
32:47 Light Cavalry
34:09 Pikeman
34:49 Squires
34:35 Gambesons
40:25 Imperial Age
38:44 Ordonnance Companies
42:07 Chivalry
44:26 Elite Skirmisher
Biscoitoso
0:57 Loom
12:59 Feudal Age
13:28 Double-Bit Axe
14:15 Horse Collar
17:12 Town Watch
20:22 Castle Age
20:06 Forging
19:57 Scale Mail Armor
20:12 Gold Mining
20:15 Stone Mining
23:08 Iron Casting
23:12 Bow Saw
24:59 Fervor
25:02 Heavy Plow
25:40 Stone Shaft Mining
25:50 Squires
26:31 Sanctity
30:43 Wheelbarrow
31:00 Pikeman
31:55 Fortified Wall
32:06 Ballistics
31:57 Masonry
37:05 Imperial Age
34:44 Fletching
35:30 Iron Casting
34:56 Padded Archer Armor
35:32 Caravan
36:35 Hand Cart
36:53 Ironclad
38:59 Two-Man Saw
38:31 Crop Rotation
39:46 Blast Furnace
38:52 Scale Barding Armor
40:05 Cavalier
40:56 Bloodlines
43:21 Coinage
43:02 Guilds
44:14 Conscription
43:16 Elite Teutonic Knight
44:43 Town Patrol
44:40 Heavy Scorpion
46:17 Chain Barding Armor
46:12 Chain Mail Armor
46:12 Leather Archer Armor
45:53 Bodkin Arrow
47:28 Chemistry
46:16 Arrowslits
47:48 Crenellations
48:50 Plate Mail Armor
48:56 Plate Barding Armor
50:28 Banking
49:58 Onager
49:59 Capped Ram
50:20 Paladin
51:27 Elite Skirmisher
51:28 Crossbowman
62:39 Hoardings
61:35 Sappers
62:28 Bombard Tower
62:13 Siege Engineers
61:59 Guard Tower
62:00 Heated Shot
psycho93
0:28 Loom
15:28 Feudal Age
16:15 Horse Collar
16:26 Double-Bit Axe
17:38 Wheelbarrow
16:56 Gold Mining
24:13 Castle Age
22:48 Stone Mining
25:48 Bow Saw
25:57 Hand Cart
25:48 Heavy Plow
26:37 Town Watch
28:01 Gold Shaft Mining
28:43 Stone Shaft Mining
34:13 Imperial Age
32:19 Caravan
32:42 Padded Archer Armor
32:32 Fletching
33:46 Fortified Wall
33:35 Murder Holes
35:27 Conscription
35:36 Double Crossbow
36:43 Chemistry
37:39 Crop Rotation
37:47 Ballistics
37:35 Siege Engineers
39:12 Heavy Scorpion
41:34 Man-at-Arms
42:00 Arson
42:24 Scale Barding Armor
42:30 Forging
42:15 Bodkin Arrow
42:36 Leather Archer Armor
43:21 Bloodlines
43:12 Husbandry
44:00 Tusk Swords
44:46 Elite Ballista Elephant
46:55 Elite Battle Elephant
52:59 Capped Ram
58:55 Town Patrol
62:31 Iron Casting
62:17 Chain Barding Armor
63:36 Light Cavalry
67:53 Hussar
69:33 Plate Barding Armor
69:58 Blast Furnace
GoDzilych
9:40 Loom
13:10 Feudal Age
14:06 Double-Bit Axe
14:03 Horse Collar
16:15 Stone Mining
16:45 Gold Mining
23:30 Castle Age
22:42 Bloodlines
23:09 Fletching
25:42 Gold Shaft Mining
26:38 Heavy Plow
28:39 Bow Saw
29:16 Forging
29:55 Scale Barding Armor
31:12 Wheelbarrow
32:52 Bodkin Arrow
34:46 Hand Cart
34:47 Husbandry
39:32 Imperial Age
37:59 Squires
38:39 Padded Archer Armor
39:14 Iron Casting
38:42 Town Watch
39:57 Sipahi
42:12 Hoardings
41:08 Sappers
41:59 Conscription
42:56 Two-Man Saw
43:41 Treadmill Crane
44:12 Masonry
43:57 Murder Holes
44:13 Fortified Wall
44:24 Ballistics
46:22 Bracer
47:23 Blast Furnace
47:37 Artillery
48:23 Fervor
49:47 Chain Barding Armor
49:42 Leather Archer Armor
58:42 Architecture
58:23 Elite Janissary
65:44 Ring Archer Armor
65:50 Plate Barding Armor
65:15 Scale Mail Armor
65:17 Arrowslits
65:25 Guard Tower
71:09 Chain Mail Armor
78:46 Plate Mail Armor
Hello, this is scout!
8:27 Loom
12:16 Feudal Age
12:44 Double-Bit Axe
12:42 Horse Collar
14:13 Stone Mining
15:50 Wheelbarrow
19:31 Castle Age
20:39 Heavy Plow
20:53 Bow Saw
26:41 Padded Archer Armor
26:32 Fletching
26:37 Gold Mining
29:46 Hand Cart
33:00 Leather Archer Armor
32:41 Bodkin Arrow
35:47 Caravan
37:41 Masonry
37:53 Ballistics
37:31 Murder Holes
37:20 Treadmill Crane
40:16 Imperial Age
41:09 Elite Longbowman
42:13 Conscription
42:17 Yeomen
45:16 Chemistry
44:47 Architecture
44:03 Arrowslits
55:42 Elite Skirmisher
55:43 Crossbowman
55:51 Cranequins
55:52 Heavy Mounted Crossbowman
56:11 Arbalester
59:15 Ring Archer Armor
58:47 Bracer
61:33 Gambesons
61:13 Pikeman
61:54 Squires
62:59 Scale Mail Armor
63:09 Forging
63:07 Halberdier
Tonny
10:10 Feudal Age
8:27 Loom
11:41 Double-Bit Axe
11:40 Horse Collar
19:42 Castle Age
17:54 Stone Mining
19:07 Wheelbarrow
19:02 Gold Mining
19:03 Arson
20:16 Town Watch
20:46 Scale Mail Armor
20:57 Forging
21:05 Bow Saw
21:57 Heavy Plow
22:48 Chain Mail Armor
24:08 Caravan
26:35 Fervor
26:55 Hand Cart
30:08 Gold Shaft Mining
30:20 Iron Casting
38:14 Imperial Age
38:50 Capped Ram
38:53 Elite Woad Raider
39:54 Conscription
42:22 Town Patrol
43:47 Blast Furnace
43:18 Plate Mail Armor
43:08 Furor Celtica
42:49 Stronghold
44:54 Stone Shaft Mining
47:51 Siege Ram
50:12 Siege Engineers
61:36 Heavy Scorpion
62:55 Masonry
63:07 Ballistics
63:42 Scale Barding Armor
65:13 Hoardings
SAM[OGB]
0:28 Loom
12:14 Feudal Age
13:31 Double-Bit Axe
13:28 Horse Collar
21:00 Castle Age
22:14 Town Watch
22:23 Fletching
22:39 Squires
22:02 Elite Skirmisher
23:27 Bodkin Arrow
23:37 Town Patrol
24:13 Forging
24:10 Gold Mining
24:36 Padded Archer Armor
24:33 Stone Mining
27:08 Anarchy
31:50 Scale Mail Armor
36:01 Iron Casting
36:41 Ballistics
40:38 Imperial Age
39:52 Chain Mail Armor
39:22 Treadmill Crane
40:51 Wheelbarrow
40:59 Caravan
42:23 Bracer
43:28 Blast Furnace
45:03 Chemistry
44:29 Conscription
44:32 Pikeman
45:46 Elite Huskarl
46:53 Halberdier
49:48 Bracer
49:54 Perfusion
51:50 Leather Archer Armor
55:56 Ring Archer Armor
61:10 Hand Cart
Connection lost

Rejoining the realm…

Still unreachable

The connection could not be restored.

Session expired

The server has moved on; the page needs a fresh start.